 Dungeon Crawl Stone Soup version 0.20.0-9-g8272e65 (webtiles) character file.

27 Darkell the Chiller (level 2, -1/19 HPs)
             Began as a Demonspawn Ice Elementalist on June 3, 2017.
             Slain by Terence
             ... wielding a +0 falchion
              (8 damage)
             ... on level 1 of the Dungeon.
             The game lasted 00:01:28 (1265 turns).

Darkell the Chiller (Demonspawn Ice Elementalist)   Turns: 1265, Time: 00:01:29

Health: -1/19      AC:  2    Str:  8    XL:     2   Next: 93%
Magic:  0/5        EV: 12    Int: 16    God:
Gold:   99         SH:  0    Dex: 13    Spells: 4/5 levels left

rFire    . . .     SeeInvis .   d - +0 dagger
rCold    . . .     Gourm    .   (no shield)
rNeg     . . .     Faith    .   a - +0 robe
rPois    .         Spirit   +   (no helmet)
rElec    .         Reflect  .   (no cloak)
rCorr    .         Harm     .   (no gloves)
MR       .....                  (no boots)
Stlth    ++........             (no amulet)
Regen    0.1/turn               (no ring)
MPRegen  0.1/turn               (no ring)

@: no status effects
A: magic shield
a: no special abilities


You were on level 1 of the Dungeon.
You were hungry.

You visited 1 branch of the dungeon, and saw 2 of its levels.

You collected 99 gold pieces.

Inventory:

Hand Weapons
 d - a +0 dagger (weapon)
Armour
 a - a +0 robe (worn)
Scrolls
 e - 3 scrolls of identify {unknown}
 g - a scroll of fear {unknown}
 i - a scroll of remove curse {unknown}
 j - a scroll of random uselessness {unknown}
 l - a scroll of amnesia {unknown}
 n - a scroll of immolation {unknown}
Potions
 f - a potion of curing {unknown}
 h - a potion of berserk rage {unknown}
 k - a potion of brilliance {unknown}
Books
 b - a book of Frost

   Spells                             Type                      Level
   a - Freeze                         Ice                          1
   b - Throw Frost                    Conjuration/Ice              2
   c - Ozocubu's Armour               Charms/Ice                   3
   d - Throw Icicle                   Conjuration/Ice              4
   e - Summon Ice Beast               Ice/Summoning                4
Comestibles
 c - a bread ration
 m - 3 chunks of flesh


   Skills:
 - Level 1.7 Dodging
 - Level 1.7 Stealth
 - Level 2.0 Spellcasting
   Level 1.0 Conjurations
 + Level 3.7 Ice Magic


You had 4 spell levels left.
You knew the following spells:

 Your Spells              Type           Power        Failure   Level  Hunger
a - Freeze                Ice            ##..         4%          1    #......


Dungeon Overview and Level Annotations

Branches:
Dungeon (2/15)

Altars:

Annotations:
D:1 Terence


Innate Abilities, Weirdness & Mutations

When hurt, damage is shared between your health and your magic reserves.


Message History

You freeze something.
Casting: Freeze
Confirm with . or Enter, or press ? or * to list all spells.
Aiming: Freeze
Press: ? - help, Shift-Dir - straight line You freeze something.
Something hits you but does no damage.
Casting: Freeze
Confirm with . or Enter, or press ? or * to list all spells.
Aiming: Freeze
Press: ? - help, Shift-Dir - straight line You freeze something.
Something hits you.
Casting: Freeze
Confirm with . or Enter, or press ? or * to list all spells.
You don't know that spell.
There is a stone staircase leading up here.
Something hits you.
You climb upwards.
There is a stone staircase leading down here.
You hit something but do no damage. Something hits you!
You die...

###.# #######...## #..........#
#PP≈P..PP≈.## #P≈≈♣P≈PP.≈P####
##### #PP≈≈≈≈≈≈≈≈≈P≈P## ....#
##..≈.≈≈♣♣♣≈PP≈P###
....#############..PPP≈♣≈♣≈P≈P.##
................@...PPP♣♣≈≈≈P....
....########.#.#.....PPP♣♣≈≈≈P###
##### #.#.#....#PP♣≈♣≈≈PP...
###.#)#.#.PPPP♣≈≈≈P≈P.##
#......P≈PP≈≈♣≈≈PPPP.##.
#...#.≈PP≈≈≈♣P.≈≈#...... #######
#...#.≈≈≈♣≈P.....#.#.... ......#
#....P≈PPP.PP.##.#...... ......#
#....≈≈P≈.P...##.#.##..#


There were no monsters in sight!

Vanquished Creatures
  3 dart slugs
  5 bats (D:1)
  2 giant cockroaches (D:1)
  2 goblins (D:1)
  2 hobgoblins (D:1)
  A jackal (D:1)
  A ball python (D:2)
  2 frilled lizards (D:1)
  A kobold (D:1)
  2 rats (D:1)
21 creatures vanquished.

Notes
Turn   | Place    | Note
-------+----------+-------------------------------------------
     0 | D:1      | Darkell the Demonspawn Ice Elementalist began the quest for the Orb.
     0 | D:1      | Reached XP level 1. HP: 13/13 MP: 3/3
   138 | D:1      | Reached skill level 3 in Ice Magic
   443 | D:1      | Gained mutation: When hurt, damage is shared between your health and your magic reserves. [demonic ancestry]
   443 | D:1      | Reached XP level 2. HP: 18/19 MP: 1/5
  1220 | D:2      | Noticed Terence
  1265 | D:1      | Slain by Terence

Skill      XL: |  1 |
---------------+----+-----
Ice Magic      | 3 |  3.7
Dodging        | |  1.7
Stealth        | |  1.7
Spellcasting   | |  2.0
Conjurations   | |  1.0

Action                   || total
-------------------------++-------
Melee: Dagger            ||    49
       Unarmed           ||     4
 Cast: Freeze            ||    31
 Stab: Sleeping          ||     2
  Eat: Chunk             ||     1
Armor: Robe              ||    20
Dodge: Dodged            ||    70
